RES
RANDWICK GREEN SOX @ BANKSTOWN AVIATORS
06/01/2022
 
TOP OF THE 1ST
Randwick Green Sox batting - Pitching for Bankstown Aviators : RHP Cayden Paddock
Pitching: RHP Cayden Paddock
Batting: LHB Rodger Curnow 0-0: Fly out, F9 (Flyball, 9, EV 91.9 MPH)
Batting: LHB Colin Firman 0-0: Ball
1-0: Called Strike
1-1: SINGLE (Groundball, 3D, EV 106.9 MPH)
Batting: RHB Tony Green 0-0: Foul Ball, location: 3F
0-1: Foul Ball, location: 2F
0-2: Ball
1-2: Foul Ball, location: 9LMF
1-2: Ball
2-2: SINGLE (Groundball, 5D, EV 105.0 MPH)
Colin Firman to second
Batting: RHB Bob Ghey 0-0: Called Strike
0-1: SINGLE (Line Drive, 7LM, EV 91.9 MPH)
Colin Firman to third
Tony Green to second
Batting: RHB Derik Fahey 0-0: Called Strike
0-1: Swinging Strike
0-2: Ball
1-2: Strikes out swinging
Batting: LHB Tony Tassell 0-0: Ball
1-0: Foul Ball, location: 25F
1-1: Swinging Strike
1-2: Foul Ball, location: 2F
1-2: Ball
2-2: Strikes out swinging
Top of the 1st over - 0 runs, 3 hits, 0 errors, 3 left on base; Randwick 0 - Bankstown 0
BOTTOM OF THE 1ST
Bankstown Aviators batting - Pitching for Randwick Green Sox : LHP Shane Forryan
Pitching: LHP Shane Forryan
Batting: LHB Ehren Huddlestone 0-0: Ball
1-0: Swinging Strike
1-1: Swinging Strike
1-2: Strikes out looking
Batting: RHB Josh Elgie 0-0: Ball
1-0: Ball
2-0: Foul Ball, location: 2F
2-1: Ground out 6-3 (Groundball, 6MD, EV 109.4 MPH)
Batting: RHB Matt Richards 0-0: Swinging Strike
0-1: Called Strike
0-2: Strikes out swinging
Bottom of the 1st over - 0 runs, 0 hits, 0 errors, 0 left on base; Randwick 0 - Bankstown 0
TOP OF THE 2ND
Randwick Green Sox batting - Pitching for Bankstown Aviators : RHP Cayden Paddock
Batting: RHB Bill Berryman 0-0: Ground out 5-3 (Groundball, 56, EV 80.6 MPH)
Batting: RHB Pete Sherrell 0-0: Called Strike
0-1: Ball
1-1: Ball
2-1: Fly out, F7 (Flyball, 7, EV 94.4 MPH)
Batting: RHB Keefe Lucking 0-0: Swinging Strike
0-1: Foul Ball, location: 2F
0-2: Strikes out swinging
Top of the 2nd over - 0 runs, 0 hits, 0 errors, 0 left on base; Randwick 0 - Bankstown 0
BOTTOM OF THE 2ND
Bankstown Aviators batting - Pitching for Randwick Green Sox : LHP Shane Forryan
Batting: SHB Michael Kemball 0-0: SOLO HOME RUN (Flyball, 7D, EV 95.0 MPH), Distance : 354 ft
Batting: SHB Josh Lane 0-0: Ball
1-0: Foul Ball, location: 9LSF
1-1: Ball
2-1: Foul Ball, location: 25F
2-2: Foul Ball, location: 3DF
2-2: Foul Ball, location: 3F
2-2: Fly out, F9 (Flyball, 89M, EV 91.3 MPH)
Batting: RHB Jason Kilmister 0-0: Called Strike
0-1: Called Strike
0-2: Ball
1-2: Ball
2-2: Ball
3-2: Base on Balls
Batting: SHB Steve Ale 0-0: Ball
1-0: 2-RUN HOME RUN (Flyball, 9LD, EV 93.8 MPH), Distance : 335 ft
Batting: RHB Ben Ravenshaw 0-0: Called Strike
0-1: SINGLE (Line Drive, 56, EV 108.8 MPH)
Batting: RHB Sam McDonald 0-0: Called Strike
0-1: Called Strike
0-2: Strikes out swinging
Batting: LHB Ehren Huddlestone 0-0: DOUBLE (Flyball, 8RXD, EV 108.1 MPH)
Ben Ravenshaw to third
Runner from 3rd tries for Home, SAFE, no throw by CF
Batting: RHB Josh Elgie 0-0: Fly out, F8 (Line Drive, 89M, EV 91.3 MPH)
Bottom of the 2nd over - 4 runs, 4 hits, 0 errors, 1 left on base; Randwick 0 - Bankstown 4
TOP OF THE 3RD
Randwick Green Sox batting - Pitching for Bankstown Aviators : RHP Cayden Paddock
Batting: LHB Rodger Curnow 0-0: Ball
1-0: Foul Ball, location: 7LMF
1-1: Ball
2-1: Ground out 3-1 (Groundball, 34, EV 93.8 MPH)
Batting: LHB Colin Firman 0-0: Ball
1-0: Called Strike
1-1: Ground out 4-3 (Groundball, 4, EV 105.0 MPH)
Batting: RHB Tony Green 0-0: Foul Ball, location: 3DF
0-1: SINGLE (Line Drive, 9LS, EV 102.5 MPH)
Batting: RHB Bob Ghey 0-0: Ball
Tony Green steals 2nd base
1-0: Called Strike
1-1: Ground out 5-3 (Groundball, 5, EV 79.4 MPH)
Top of the 3rd over - 0 runs, 1 hit, 0 errors, 1 left on base; Randwick 0 - Bankstown 4
BOTTOM OF THE 3RD
Bankstown Aviators batting - Pitching for Randwick Green Sox : LHP Shane Forryan
Batting: RHB Matt Richards 0-0: Ball
1-0: Ball
2-0: Swinging Strike
2-1: Ball
3-1: Base on Balls
Batting: SHB Michael Kemball 0-0: Ball
1-0: Swinging Strike
1-1: Reached on error, E6 (Groundball, 6MD, EV 98.1 MPH)
Matt Richards to second
Batting: SHB Josh Lane 0-0: Swinging Strike
0-1: Ball
Wild Pitch!
Matt Richards to third
Michael Kemball to second
1-1: Ball
2-1: Ball
3-1: Base on Balls
Batting: RHB Jason Kilmister 0-0: Ball
1-0: Ball
2-0: Called Strike
2-1: GRAND SLAM HOME RUN (Flyball, 9D, EV 98.1 MPH), Distance : 373 ft
Batting: SHB Steve Ale 0-0: Ball
1-0: Fly out, F9 (Flyball, 9S, EV 88.8 MPH)
Batting: RHB Ben Ravenshaw 0-0: Called Strike
0-1: Foul Ball, location: 5F
0-2: Foul Ball, location: 3F
0-2: Strikes out swinging
Batting: RHB Sam McDonald 0-0: Ball
1-0: Ground out 6-3 (Groundball, 6, EV 109.4 MPH)
Bottom of the 3rd over - 4 runs, 1 hit, 1 error, 0 left on base; Randwick 0 - Bankstown 8
TOP OF THE 4TH
Randwick Green Sox batting - Pitching for Bankstown Aviators : RHP Cayden Paddock
Batting: RHB Derik Fahey 0-0: Ball
1-0: Ball
2-0: Ball
3-0: Called Strike
3-1: Foul Ball, location: 3FF
3-2: Base on Balls
Batting: LHB Tony Tassell 0-0: Called Strike
0-1: Ball
1-1: Reached on error, E6 (Groundball, 6, EV 86.9 MPH)
Derik Fahey to second
Batting: RHB Bill Berryman 0-0: Called Strike
0-1: Ball
1-1: Swinging Strike
1-2: Foul Ball, location: 9LDF
1-2: Foul Ball, location: 3F
1-2: SINGLE (Flyball, 34D, EV 88.1 MPH)
Derik Fahey to third
Tony Tassell to second
Batting: RHB Pete Sherrell 0-0: Called Strike
0-1: SINGLE (Line Drive, 3D, EV 102.5 MPH)
Derik Fahey scores
Tony Tassell to third
Bill Berryman to second
Batting: RHB Keefe Lucking 0-0: Ball
1-0: Called Strike
1-1: Foul Ball, location: 9LSF
1-2: Ball
2-2: Ball
3-2: Strikes out swinging
Batting: LHB Rodger Curnow 0-0: Ball
Wild Pitch!
Tony Tassell scores
Bill Berryman to third
Pete Sherrell to second
1-0: Called Strike
1-1: Foul Ball, location: 3F
1-2: Ground out 4-3 (Groundball, 4, EV 85.6 MPH)
Bill Berryman scores
Pete Sherrell to third
Batting: LHB Colin Firman 0-0: Ball
1-0: Called Strike
1-1: Ground out 4-3 (Groundball, 4, EV 102.5 MPH)
Top of the 4th over - 3 runs, 2 hits, 1 error, 1 left on base; Randwick 3 - Bankstown 8
BOTTOM OF THE 4TH
Bankstown Aviators batting - Pitching for Randwick Green Sox : LHP Shane Forryan
Batting: LHB Ehren Huddlestone 0-0: Ball
1-0: SINGLE (Line Drive, 8LS, EV 88.1 MPH)
Pitching: RHP Billy Catlow
Batting: RHB Josh Elgie 0-0: Fly out, F4 (Popup, 4S, EV 76.3 MPH)
Batting: RHB Matt Richards 0-0: Ball
Ehren Huddlestone steals 2nd base
1-0: Swinging Strike
1-1: Ball
2-1: DOUBLE (Line Drive, 8LXD, EV 111.3 MPH)
Ehren Huddlestone scores
Batting: SHB Michael Kemball 0-0: Swinging Strike
0-1: Swinging Strike
0-2: Ball
1-2: Strikes out looking
Batting: SHB Josh Lane 0-0: Called Strike
0-1: Called Strike
0-2: Ball
1-2: Strikes out swinging
Bottom of the 4th over - 1 run, 2 hits, 0 errors, 1 left on base; Randwick 3 - Bankstown 9
TOP OF THE 5TH
Randwick Green Sox batting - Pitching for Bankstown Aviators : RHP Cayden Paddock
Batting: RHB Tony Green 0-0: Ball
1-0: Ball
2-0: Ball
3-0: Called Strike
3-1: Base on Balls
Batting: RHB Bob Ghey 0-0: Ball
1-0: SINGLE (Line Drive, 9S, EV 87.5 MPH)
Tony Green to second
Batting: RHB Derik Fahey 0-0: 3-RUN HOME RUN (Flyball, 78XD, EV 101.3 MPH), Distance : 395 ft
Batting: LHB Tony Tassell 0-0: Ball
1-0: Foul Ball, location: 3FF
1-1: Ball
2-1: SINGLE (Line Drive, 6D, EV 100.6 MPH)
Pitching: RHP Rutger Carver
Batting: RHB Bill Berryman 0-0: Ball
1-0: Foul Ball, location: 23FF
1-1: Ball
2-1: Grounds into double play, 6-4-3 (Groundball, 6, EV 85.6 MPH)
Batting: RHB Pete Sherrell 0-0: Called Strike
0-1: Ball
1-1: DOUBLE (Flyball, 89D, EV 101.9 MPH)
Batting: RHB Keefe Lucking 0-0: Called Strike
0-1: Ball
1-1: Ball
2-1: Called Strike
2-2: Foul Ball, location: 2F
2-2: Ground out 6-3 (Groundball, 6, EV 94.4 MPH)
Top of the 5th over - 3 runs, 4 hits, 0 errors, 1 left on base; Randwick 6 - Bankstown 9
BOTTOM OF THE 5TH
Bankstown Aviators batting - Pitching for Randwick Green Sox : RHP Billy Catlow
Batting: RHB Jason Kilmister 0-0: Called Strike
0-1: Fly out, F7 (Flyball, 7LS, EV 86.9 MPH)
Batting: SHB Steve Ale 0-0: Ball
1-0: Reached via error on a dropped throw from 2B, E3 (Groundball, 34, EV 84.4 MPH)
Batting: RHB Ben Ravenshaw 0-0: Called Strike
0-1: Called Strike
0-2: Fly out, F8 (Flyball, 8RD, EV 79.4 MPH)
Batting: RHB Sam McDonald 0-0: Fly out, F8 (Line Drive, 8LM, EV 93.8 MPH)
Bottom of the 5th over - 0 runs, 0 hits, 1 error, 1 left on base; Randwick 6 - Bankstown 9
TOP OF THE 6TH
Randwick Green Sox batting - Pitching for Bankstown Aviators : RHP Rutger Carver
Batting: LHB Rodger Curnow 0-0: Called Strike
0-1: SOLO HOME RUN (Flyball, 9LD, EV 91.9 MPH), Distance : 352 ft
Batting: LHB Colin Firman 0-0: Swinging Strike
0-1: Called Strike
0-2: Ball
1-2: Ball
2-2: Strikes out swinging
Batting: RHB Tony Green 0-0: Called Strike
0-1: Ball
1-1: Foul Ball, location: 5FF
1-2: Strikes out swinging
Batting: RHB Bob Ghey 0-0: SINGLE (Line Drive, 8LS, EV 93.1 MPH)
Batting: RHB Derik Fahey 0-0: Called Strike
0-1: Ball
1-1: Called Strike
1-2: Ball
2-2: Strikes out swinging
Top of the 6th over - 1 run, 2 hits, 0 errors, 1 left on base; Randwick 7 - Bankstown 9
BOTTOM OF THE 6TH
Bankstown Aviators batting - Pitching for Randwick Green Sox : RHP Billy Catlow
Batting: LHB Ehren Huddlestone 0-0: Ball
1-0: Ball
2-0: Ball
3-0: Called Strike
3-1: Ground out 4-3 (Groundball, 4, EV 92.5 MPH)
Batting: RHB Josh Elgie 0-0: Called Strike
0-1: Ball
1-1: Called Strike
1-2: Ball
2-2: Foul Ball, location: 3F
2-2: Ball
3-2: Fly out, F7 (Flyball, 7D, EV 79.4 MPH)
Pitching: LHP Trev Wearne
Batting: RHB Matt Richards 0-0: Foul Ball, location: 5FF
0-1: Foul Ball, location: 9LDF
0-2: SOLO HOME RUN (Flyball, 9D, EV 96.3 MPH), Distance : 365 ft
Batting: SHB Michael Kemball 0-0: Ground out 4-3 (Groundball, 4, EV 108.8 MPH)
Bottom of the 6th over - 1 run, 1 hit, 0 errors, 0 left on base; Randwick 7 - Bankstown 10
TOP OF THE 7TH
Randwick Green Sox batting - Pitching for Bankstown Aviators : RHP Rutger Carver
Batting: LHB Tony Tassell 0-0: Swinging Strike
0-1: Swinging Strike
0-2: Foul Ball, location: 23F
0-2: Strikes out swinging
Batting: RHB Bill Berryman 0-0: Ball
1-0: Foul Ball, location: 2F
1-1: Swinging Strike
1-2: Strikes out swinging
Batting: RHB Pete Sherrell 0-0: Foul Ball, location: 5F
0-1: Ball
1-1: Foul Ball, location: 9LMF
1-2: Ball
2-2: Fly out, F7 (Line Drive, 7, EV 87.5 MPH)
Top of the 7th over - 0 runs, 0 hits, 0 errors, 0 left on base; Randwick 7 - Bankstown 10
BOTTOM OF THE 7TH
Bankstown Aviators batting - Pitching for Randwick Green Sox : LHP Trev Wearne
Batting: SHB Josh Lane 0-0: Ball
1-0: Ball
2-0: Ball
3-0: Base on Balls
Batting: RHB Jason Kilmister 0-0: Ball
1-0: Bunted foul
1-1: Sac Bunt to 15S - play at second, runner OUT! 1-6
Batting: SHB Steve Ale 0-0: Ball
1-0: Ground out 4-3 (Groundball, 34, EV 104.4 MPH)
Jason Kilmister to second
Batting: RHB Ben Ravenshaw 0-0: Ground out 4-3 (Groundball, 4M, EV 108.1 MPH)
Bottom of the 7th over - 0 runs, 0 hits, 0 errors, 1 left on base; Randwick 7 - Bankstown 10
TOP OF THE 8TH
Randwick Green Sox batting - Pitching for Bankstown Aviators : RHP Rutger Carver
Now at 1B: Steve Ale
Now in LF: Colten Smith
Now in RF: Ehren Huddlestone
Batting: RHB Keefe Lucking 0-0: Ground out 5-3 (Groundball, 56S, EV 82.5 MPH)
Batting: LHB Rodger Curnow 0-0: Ball
1-0: Called Strike
1-1: Ground out U3 (Groundball, 34S, EV 93.8 MPH)
Batting: LHB Colin Firman 0-0: SOLO HOME RUN (Line Drive, 9D, EV 105.0 MPH), Distance : 375 ft
Batting: RHB Tony Green 0-0: Ball
1-0: Ball
2-0: Called Strike
2-1: Foul Ball, location: 2F
2-2: Foul Ball, location: 2F
2-2: Ball
3-2: Ground out 6-3 (Groundball, 56, EV 110.6 MPH)
Top of the 8th over - 1 run, 1 hit, 0 errors, 0 left on base; Randwick 8 - Bankstown 10
BOTTOM OF THE 8TH
Bankstown Aviators batting - Pitching for Randwick Green Sox : LHP Trev Wearne
Batting: RHB Colten Smith 0-0: Called Strike
0-1: Called Strike
0-2: Ball
1-2: DOUBLE (Flyball, 8LXD, EV 106.3 MPH)
Batting: LHB Ehren Huddlestone 0-0: Called Strike
0-1: Called Strike
0-2: Strikes out swinging
Batting: RHB Josh Elgie 0-0: Called Strike
0-1: Ball
1-1: Ball
2-1: 2-RUN HOME RUN (Flyball, 89XD, EV 108.8 MPH), Distance : 403 ft
Pitching: LHP Laidley Dellow
Batting: RHB Matt Richards 0-0: Called Strike
0-1: Foul Ball, location: 2F
0-2: SOLO HOME RUN (Flyball, 7LD, EV 96.9 MPH), Distance : 344 ft
Batting: SHB Michael Kemball 0-0: Called Strike
0-1: Called Strike
0-2: Ball
1-2: Strikes out looking
Batting: SHB Josh Lane 0-0: Ball
1-0: Foul Ball, location: 25F
1-1: Swinging Strike
1-2: Ball
2-2: Hit by Pitch
Batting: RHB Jason Kilmister 0-0: Ball
1-0: Foul Ball, location: 9LDF
1-1: Ball
2-1: Fly out, F7 (Flyball, 7LS, EV 79.4 MPH)
Bottom of the 8th over - 3 runs, 3 hits, 0 errors, 1 left on base; Randwick 8 - Bankstown 13
TOP OF THE 9TH
Randwick Green Sox batting - Pitching for Bankstown Aviators : RHP Rutger Carver
Batting: RHB Bob Ghey 0-0: Foul Ball, location: 3DF
0-1: Called Strike
0-2: Ball
1-2: Foul Ball, location: 3F
1-2: Foul Ball, location: 3F
1-2: Ball
2-2: Foul Ball, location: 9LSF
2-2: Ground out 3-1 (Groundball, 34, EV 96.3 MPH)
Pitching: RHP Richie Frawley
Batting: RHB Derik Fahey 0-0: Ball
1-0: Called Strike
1-1: Ball
2-1: Ball
3-1: Ground out 6-3 (Groundball, 6M, EV 106.3 MPH)
Batting: LHB Tony Tassell 0-0: Called Strike
0-1: Ball
1-1: Ground out 6-3 (Groundball, 6, EV 88.1 MPH)
Top of the 9th over - 0 runs, 0 hits, 0 errors, 0 left on base; Randwick 8 - Bankstown 13
Thursday, May 2nd , 2024 - OOTP Baseball 24.9 Build 80